 Dungeon Sprint DCSS version 0.29.1-2-gbd0b4ee654 (webtiles) character file.

Game seed: 17693044396870519427

5140 Groucho the Unseen (level 10, -5/52 HPs)
             Began as a Spriggan Enchanter on Nov 13, 2022.
             Was an Elder of Dithmenos.
             Blown up by a great orb of eyes (28 damage)
             ... with a mindburst bolt
             ... in the Dungeon (Sprint II: "The Violet Keep of Menkaure").
             The game lasted 00:07:01 (623 turns).

Groucho the Unseen (Spriggan Enchanter)              Turns: 623, Time: 00:07:02

Health: -5/52      AC:  3    Str:  8      XL:     10   Next: 33%
Magic:  22/29      EV: 17    Int: 15 (16) God:    Dithmenos [****..]
Gold:   602        SH:  0    Dex: 17      Spells: 26/37 levels left

rFire   . . .      SeeInvis +   a - +1 dagger
rCold   . . .      Faith    .   (no shield)
rNeg    . . .      Spirit   .   k - +1 robe of Ydugh {rElec}
rPois   +          Reflect  .   l - +0 hat
rElec   +          Harm     .   (no cloak)
rCorr   .          Rampage  .   (gloves unavailable)
Will    +....      NoTele   +   (boots unavailable)
Stlth   +++++++++.              (no amulet)
HPRegen 0.17/turn               h - ring of flight
MPRegen 0.21/turn               j - ring of poison resistance

@: flying, hasted (expiring), wreathed by umbra, invisible (expiring), very
quick
A: very small, no large weapons, unfitting armour, see invisible, speed 3, horns
1, deterioration 1, frail 1
a: Renounce Religion, Shadow Step


You were in the Dungeon.
You worshipped Dithmenos.
Dithmenos was greatly pleased with you.
You visited 1 branch You collected 1296 gold pieces.
You spent 694 gold pieces at shops.

Inventory:

Hand Weapons
 a - a +1 dagger (weapon)
Armour
 k - the +1 robe of Ydugh (worn) {rElec}
   (You bought it in a shop in the Dungeon)

   rElec:     It insulates you from electricity.
 l - a +0 hat (worn)
Jewellery
 h - a ring of flight (left hand)
 j - a ring of poison resistance (right hand)
Wands
 b - a wand of flame (4)
Scrolls
 i - a scroll of blinking
Potions
 c - a potion of invisibility
 d - a potion of curing
 e - a potion of heal wounds
 f - a potion of haste
 g - 2 potions of magic


   Skills:
 + Level 9.0 Fighting
 - Level 10.0 Short Blades
 - Level 2.6 Dodging
 - Level 15.1 Stealth
 + Level 14.1 Spellcasting
 + Level 6.4 Conjurations
 - Level 14.0 Hexes


You had 26 spell levels left.
You knew the following spells:

 Your Spells              Type           Power      Damage    Failure   Level
a - Ensorcelled Hibernat  Hex/Ice        62%        N/A       1%          2
b - Confusing Touch       Hex            51%        N/A       1%          3
c - Dazzling Flash        Conj/Hex       82%        N/A       1%          3
d - Tukima's Dance        Hex            51%        N/A       1%          3

Your spell library contained the following spells:

 Spells                   Type           Power      Damage    Failure   Level
 Cause Fear               Hex            25%        N/A       1%          4
 Dragon Form              Tmut           5%         N/A       100%        7
 Dragon's Call            Summ           5%         N/A       100%        9


Dungeon Overview and Level Annotations

Branches:
Dungeon (1/1)

Altars:
Cheibriados
Dithmenos
Elyvilon
Fedhas
Gozag
Hepliaklqana
Kikubaaqudgha
Makhleb
Nemelex Xobeh
Okawaru
Qazlal
Ru
Sif Muna
Trog
Uskayaw
Vehumet
Wu Jian
Xom
Yredelemnul
Zin
The Shining One
Jiyva
Lugonu

Shops:
D !?:*=([:[[![:(=

Annotations:
D exclusion: oklob plant


Innate Abilities, Weirdness & Mutations

You are very small and have problems with some larger weapons.
You are too small for most types of armour.
You have supernaturally acute eyesight. (SInv)
You cover ground extremely quickly. (Speed+++)
You have a pair of small horns on your head.
Your body sometimes deteriorates upon taking damage.
You are frail. (-10% HP)


Message History

Unknown command.
Unknown command.
Unknown command.
Unknown command.
The yak bellows!
You hit the great orb of eyes. You punch the great orb of eyes.
The great orb of eyes is lightly wounded.
You flicker for a moment.
The water moccasin closely misses you.
You hit the shining eye but do no damage.
You headbutt the shining eye, but do no damage.
The unseen horror hits you.
You are too injured to fight recklessly!
Unknown command.
Unknown command.
You are too injured to fight recklessly!
Unknown command.
You are too injured to fight recklessly!
You are too injured to fight recklessly!
Unknown command.
You are too injured to fight recklessly!
Unknown command.
You are too injured to fight recklessly!
You hit the shining eye. You headbutt the shining eye.
The shining eye is lightly wounded.
Your shadow hits the shining eye but does no damage.
The unseen horror hits you.
The shining eye turns its gaze towards you.
Unknown command.
Unknown command.
Unknown command.
You hit the shining eye but do no damage.
The yak bellows!
You headbutt the shining eye.
The shining eye is lightly wounded.
The water moccasin completely misses you.
The great orb of eyes gazes at you.
Your mind is blasted!
Ouch! That really hurt!
You die... ###### #=:[!# ###)[[?##▓ #$.?...Y.▓ #().G$YYx▓ ##○SS≈≈§ #G$GGx#

###≈○°○S≈§ #.@†.#
°§≈○≈°≈≈§ ##'S##
##≈○§§°≈ ##≈...###
~##§≈°§≈ #)≈.....#
##~~#''°#+++#####.^..#
#~~~...°.....#.†'....#
#~~~~.##+##..#†.####.#
#~~~~##.#.##.####.)'.###
#~~~~#.##††#
...#..#...####


You could see a great orb of eyes (blind), 3 shining eyes, 3 yaks, 2 unseen
horrors and a water moccasin (blind).

Vanquished Creatures
  A deep elf master archer (D)
  An iron elemental (D)
  A merfolk siren (D)
  2 cane toads (D)
  A yaktaur (D)
  3 polar bears (D)
  A hornet (D)
  2 neqoxecs (D)
  2 redbacks (D)
  A vampire mosquito (D)
  3 water moccasins (D)
  3 black bears (D)
  4 scorpions (D)
  2 worms (D)
27 creatures vanquished.

Vanquished Creatures (others)
  2 neqoxecs (D)
  Menkaure (D)
  A water moccasin (D)
  A worm (D)
5 creatures vanquished.

Grand Total: 32 creatures vanquished

Notes
Turn   | Place    | Note
-------+----------+-------------------------------------------
     0 | D        | Groucho the Spriggan Enchanter began the quest for the Orb.
     0 | D        | Reached XP level 1. HP: 9/9 MP: 5/5
     1 | D        | Noticed a neqoxec
     3 | D        | Gained mutation: Your body sometimes deteriorates upon
                  | taking damage. [a neqoxec]
    12 | D        | Gained mutation: You are frail. (-10% HP) [a neqoxec]
    18 | D        | Killed a neqoxec
    19 | D        | Reached skill level 11 in Stealth
    19 | D        | Reached XP level 2. HP: 6/11 MP: 6/10
    19 | D        | Reached XP level 3. HP: 7/14 MP: 6/11
    19 | D        | Reached XP level 4. HP: 10/18 MP: 7/13
    19 | D        | Found Soemut's Book Shop.
    19 | D        | Found Mewae's Jewellery Shop.
    19 | D        | Found Suliurch's Antique Armour Boutique.
    19 | D        | Found Tukinotu's Antique Armour Boutique.
    19 | D        | Found Mougigo's Antique Weapon Boutique.
    19 | D        | Noticed a neqoxec
    31 | D        | Gained mutation: You have a pair of small horns on your
                  | head. [a neqoxec]
    38 | D        | Killed a neqoxec
    39 | D        | Reached skill level 12 in Stealth
    39 | D        | Reached XP level 5. HP: 19/24 MP: 9/16
    46 | D        | Killed Menkaure
   139 | D        | Killed a water moccasin
   145 | D        | Killed a neqoxec
   272 | D        | Killed a neqoxec
   276 | D        | Learned a level 2 spell: Ensorcelled Hibernation
   280 | D        | Learned a level 3 spell: Confusing Touch
   284 | D        | Learned a level 3 spell: Dazzling Flash
   288 | D        | Learned a level 3 spell: Tukima's Dance
   293 | D        | Found Uhityl's Distillery.
   293 | D        | Found Keniph's Armour Boutique.
   293 | D        | Noticed a water moccasin
   296 | D        | Found Varureo's Book Boutique.
   296 | D        | Found Vuuva's Antique Armour Shop.
   297 | D        | Found Ininaria's Antique Weapon Boutique.
   297 | D        | Noticed a slime creature
   297 | D        | Noticed a vampire mosquito
   306 | D        | Killed a water moccasin
   307 | D        | Reached skill level 13 in Stealth
   307 | D        | Reached XP level 6. HP: 27/28 MP: 11/18
   333 | D        | Noticed a merfolk siren
   336 | D        | Killed a merfolk siren
   337 | D        | Reached skill level 14 in Stealth
   337 | D        | Reached XP level 7. HP: 34/34 MP: 15/21
   350 | D        | Reached skill level 10 in Hexes
   351 | D        | Reached skill level 5 in Fighting
   357 | D        | Reached skill level 10 in Spellcasting
   377 | D        | Found Hiymapt's Jewellery Boutique.
   377 | D        | Found Cyipiw's Assorted Antiques.
   377 | D        | Noticed a slime creature
   377 | D        | Noticed a slime creature
   377 | D        | Noticed an oklob plant
   378 | D        | Found Imos Odwa's Magic Scroll Shop.
   378 | D        | Found Gegh's Book Shoppe.
   378 | D        | Found Heryfrasu's Distillery.
   379 | D        | Noticed a polar bear
   380 | D        | Noticed a polar bear
   389 | D        | Killed a vampire mosquito
   390 | D        | Reached skill level 15 in Stealth
   390 | D        | Reached XP level 8. HP: 38/39 MP: 15/23
   392 | D        | Bought a ring of flight for 175 gold pieces
   392 | D        | Bought a ring of poison resistance for 200 gold pieces
   430 | D        | Bought a sheer robe for 131 gold pieces
   430 | D        | Identified the +1 robe of Ydugh {rElec} (You bought it in a
                  | shop in the Dungeon)
   430 | D        | Bought a hat for 92 gold pieces
   462 | D        | Bought a potion of invisibility for 96 gold pieces
   514 | D        | Found a glowing golden altar of the Shining One.
   514 | D        | Found an ornate altar of the Wu Jian Council.
   515 | D        | Found a shimmering altar of Xom.
   515 | D        | Found a sacrificial altar of Ru.
   516 | D        | Found a basalt altar of Yredelemnul.
   516 | D        | Found a shimmering blue altar of Sif Muna.
   517 | D        | Found a glowing silver altar of Zin.
   517 | D        | Found a bloodstained altar of Trog.
   517 | D        | Found an ancient bone altar of Kikubaaqudgha.
   517 | D        | Found a stormy altar of Qazlal.
   517 | D        | Found a viscous altar of Jiyva.
   518 | D        | Found a hide-covered altar of Uskayaw.
   518 | D        | Found a corrupted altar of Lugonu.
   518 | D        | Found a shadowy altar of Dithmenos.
   519 | D        | Found a radiant altar of Vehumet.
   519 | D        | Found a burning altar of Makhleb.
   519 | D        | Found a white marble altar of Elyvilon.
   520 | D        | Found a sparkling altar of Nemelex Xobeh.
   520 | D        | Found a blossoming altar of Fedhas.
   522 | D        | Found an iron altar of Okawaru.
   522 | D        | Found an opulent altar of Gozag.
   522 | D        | Found a hazy altar of Hepliaklqana.
   522 | D        | Found a snail-covered altar of Cheibriados.
   522 | D        | Noticed a hornet
   522 | D        | Noticed a polar bear
   523 | D        | Noticed a yaktaur
   531 | D        | Became a worshipper of Dithmenos the Shadowed
   543 | D        | Noticed a polar bear
   543 | D        | Noticed a polar bear
   544 | D        | Killed a polar bear
   545 | D        | Reached skill level 1 in Conjurations
   545 | D        | Killed a polar bear
   547 | D        | Killed a polar bear
   547 | D        | Reached * piety under Dithmenos
   548 | D        | Killed a hornet
   550 | D        | Killed a yaktaur
   551 | D        | Reached XP level 9. HP: 40/44 MP: 23/25
   565 | D        | Reached ** piety under Dithmenos
   575 | D        | Noticed an iron elemental
   578 | D        | Killed an iron elemental
   579 | D        | Reached skill level 10 in Short Blades
   585 | D        | Noticed a deep elf master archer
   590 | D        | Killed a deep elf master archer
   590 | D        | Reached *** piety under Dithmenos
   591 | D        | Reached skill level 5 in Conjurations
   591 | D        | Reached XP level 10. HP: 49/50 MP: 26/28
   610 | D        | Found the ring of the Mage {Wiz Archmagi}
   610 | D        | Noticed a great orb of eyes
   610 | D        | Noticed a shining eye
   610 | D        | Noticed a cane toad
   610 | D        | Noticed a cane toad
   611 | D        | Noticed a shining eye
   611 | D        | Noticed a shining eye
   612 | D        | Reached **** piety under Dithmenos
   615 | D        | Killed a cane toad
   617 | D        | Killed a cane toad
   623 | D        | Blown up by a great orb of eyes

Illustrated notes

Levels and vault maps discovered:
D:        the_violet_keep_of_menkaure [sprint2_stairs_cluster_1,
          sprint2_shoproom, sprint2_temple, sprint2_basic_supplies,
          sprint2_obstacle_2, sprint2_obstacle_1, sprint2_obstacle_5,
          sprint2_obstacle_4, sprint2_obstacle_7, sprint2_timed_cluster_1,
          sprint2_smallroom_cluster_1, sprint2_smallroom_final_cluster_1,
          sprint2_transparent_cluster_1, sprint2_second_timed_cluster_1,
          sprint2_sniper_area_1, sprint2_heavy_combat_area_1,
          sprint2_mutation_trap_area_1, sprint2_forest_area_1,
          sprint2_light_combat_area_1, sprint2_behind_water_1,
          sprint2_near_end_vault_1]

Skill      XL: |  1  2  3  4  5  6  7  8  9 10 |
---------------+-------------------------------+-----
Stealth        | 11 12 13 14 15 | 15.1
Spellcasting   | 6 7 8 9 10 11 13 14 | 14.1
Hexes          | 6 7 8 9 10 11 13 14 | 14.0
Fighting       | 2 3 4 5 6 8 9 |  9.0
Short Blades   | 3 4 6 7 9 10 | 10.0
Conjurations   | 3 5 6 |  6.4
Dodging        | |  2.6

Action                   |  1- 3 |  4- 6 |  7- 9 | 10-12 || total
-------------------------+-------+-------+-------+-------++-------
Melee: Dagger            |    14 |    13 |    22 |    11 ||    60
       Headbutt          |       |       |       |     3 ||     3
       Punch             |       |       |       |     1 ||     1
 Cast: Ensorcelled Hiber |       |     3 |     2 |       ||     5
       Confusing Touch   |       |       |     1 |       ||     1
       Dazzling Flash    |       |       |       |     2 ||     2
  Use: Potion            |     1 |     1 |     2 |       ||     4
 Stab: Invisible         |     3 |       |     1 |       ||     4
       Sleeping          |       |     4 |    13 |     7 ||    24
       Confused          |       |       |     1 |       ||     1
Armor: Robe              |       |     2 |       |       ||     2
Dodge: Dodged            |     7 |     9 |     4 |     4 ||    24
